 Dungeon Crawl Stone Soup version 0.20.1-1-g8b1a95d (webtiles) character file.

7398 Jannitor the Spear-Bearer (level 10, -3/81 HPs)
             Began as a Centaur Chaos Knight on Oct 6, 2017.
             Slain by a wyvern (11 damage)
             ... on level 9 of the Dungeon.
             The game lasted 00:21:19 (12069 turns).

Jannitor the Spear-Bearer (Centaur Chaos Knight)   Turns: 12069, Time: 00:21:20

Health: -3/81      AC: 13    Str: 17    XL:     10   Next: 92%
Magic:  14/14      EV:  5    Int: 11    God:    Xom [....*.]
Gold:   173        SH:  0    Dex: 10    Spells: 9/9 levels left

rFire    + . .     SeeInvis +   A - +2 halberd (elec)
rCold    . . .     Gourm    .   (shield currently unavailable)
rNeg     . . .     Faith    .   q - +0 chain mail {rF+}
rPois    .         Spirit   .   (helmet restricted)
rElec    .         Reflect  .   (no cloak)
rCorr    .         Harm     .   (no gloves)
MR       .....                  (no barding)
Stlth    ..........             (no amulet)
Regen    0.3/turn               (no ring)
MPRegen  0.2/turn               (no ring)

@: very quick
A: antennae 1, hooves 3, molten scales 1, thin metallic scales 1, see invisible,
blink, deformed body, deterioration 1, speed 2, frail 1, sense surroundings 1,
tough skin 3, wild magic 2
a: Blink, Renounce Religion


You were on level 9 of the Dungeon.
You worshipped Xom.
You were a beloved toy of Xom.
You were hungry.

You visited 1 branch of the dungeon, and saw 9 of its levels.
You also visited: Bailey.

You collected 351 gold pieces.
You spent 178 gold pieces at shops.

Inventory:

Hand Weapons
 a - a +0 spear of chaos
 o - a +2 halberd of chaos
 w - a +2 glaive of chopping
 A - a +2 halberd of electrocution (weapon)
 I - a +4 bardiche of freezing
Missiles
 g - 102 arrows
Armour
 b - a +2 leather armour
 i - a +0 plate armour of fire resistance
 l - a +0 chain mail
 q - a +0 chain mail of fire resistance (worn)
 r - a +0 helmet
 K - a +2 plate armour of cold resistance
Jewellery
 m - an uncursed ring of flight
Wands
 d - a wand of iceblast (7/15)
 k - a wand of polymorph (3/24)
 t - a wand of lightning (7/15)
 u - a wand of paralysis (0/24)
 v - a wand of disintegration (9/24)
 D - a wand of acid (3/15)
 L - a wand of random effects (25/48)
 N - a wand of lightning (9/15)
Scrolls
 e - 7 scrolls of remove curse
 f - 7 scrolls of identify
 p - 2 scrolls of teleportation
 s - 2 scrolls of fog
 y - a scroll of recharging
 B - a scroll of enchant weapon
 O - a scroll of amnesia
 P - 2 scrolls of enchant armour {unknown}
 Q - a scroll of immolation {unknown}
Potions
 x - 3 potions of brilliance
 z - 4 potions of curing
 C - 2 potions of mutation
 E - 2 potions of resistance
 F - 4 potions of heal wounds
 G - 4 potions of magic
 H - 2 potions of might
 J - 2 potions of berserk rage {unknown}
 M - a potion of flight {unknown}
Comestibles
 c - 2 bread rations
 h - 3 meat rations
 j - 14 royal jellies
 n - 4 fruits


   Skills:
 + Level 8.9 Fighting
 * Level 10.0 Polearms
 + Level 6.2 Armour
 - Level 0.6 Dodging
 + Level 5.9 Evocations


You had 9 spell levels left.
You didn't know any spells.

Dungeon Overview and Level Annotations

Branches:
Dungeon (9/15)             Temple (0/1) D:6
   Lair: D:8-11         Orc: D:9-12

Altars:
Ashenzari
Elyvilon
Nemelex Xobeh
Qazlal
Sif Muna
Uskayaw
Xom

Shops:
D:4 ?   D:5 *


Innate Abilities, Weirdness & Mutations

You have hooves in place of feet.
Armour fits poorly on your strangely shaped body.
You cover ground very quickly.
You have extremely tough skin. (AC +3)
You have a pair of small antennae on your head.
You are partially covered in molten scales. (AC +2)
You are partially covered in thin metallic scales. (AC +2)
You have supernaturally acute eyesight. (SInv)
You can translocate small distances at will.
Your body sometimes deteriorates upon taking damage.
You are frail. (-10% HP)
You passively map a small area around you.
Your spells are harder to cast, but more powerful.


Message History

The kobold is charmed.
Your kobold hits the big kobold. You hit the wyvern but do no damage.
Lightning courses through the wyvern!
The wyvern is severely wounded.
The wyvern bites you! x2; Your kobold throws a stone.
The stone hits the kobold but does no damage.
You are too injured to fight recklessly!
You are too injured to fight recklessly!
You are too injured to fight recklessly!
Your chain mail prevents you from hitting the wyvern.
The wyvern is severely wounded.
The wyvern hisses menacingly.
The wyvern bites you.
* * * LOW HITPOINT WARNING * * *
Your kobold closely misses the kobold.
You hit the wyvern.
The wyvern is severely wounded.
The wyvern bites you!
* * * LOW HITPOINT WARNING * * *
The wyvern bites you!
You die...

, ,,,,#..................... ,
,,,,,,,,#..................... ,
,,,, ,,{#..................... ,
,, ,, #.....###'#.#####..... ,
##########.....'.....#(..#.....
...............#.....#(..#.....
...............#.....#####.....
.....#'####+##.#...............
#......#...?...#@#......._.....##
#.....##......{#l#..........#..#
#.....#......K.KK############..#
#.....#......)K(K.............[#
......#......)K#.|..........(..#
......#...######...............#
......#####....................#
.............................^.#
.....########################..#


You could see a wyvern, a big kobold, 3 kobolds and a friendly kobold.

Vanquished Creatures
  Pikel (D:6)
  An orc knight (Bailey)
  Psyche (D:8)
  A hornet (D:8)
  A queen bee (D:9)
  Grinder (D:5)
  2 hippogriffs (D:8)
  A slime creature (D:6)
  A wyvern (D:8)
  Grum (D:9)
  Menkaure (D:5)
  Duvessa (D:5)
  2 ice beasts
  A hornet zombie (D:6)
  2 orc warriors
  A sky beast (D:8)
  2 phantoms
  2 slaves (D:6)
  An ogre (D:8)
  A centaur (D:7)
  2 wolves (D:9)
  A crocodile (D:8)
  2 big kobolds (D:8)
  3 bullfrogs
  Blork the orc (D:5)
  A wyvern skeleton (D:9)
  3 scorpions
  Dowan (D:5)
  14 killer bees (D:9)
  A howler monkey (D:6)
  3 crimson imps (D:6)
  A quasit (D:8)
  A bullfrog zombie (D:7)
  A bullfrog skeleton (D:5)
  7 hounds
  A gnoll shaman (D:6)
  8 jellies
  4 orc wizards
  A centaur skeleton (D:5)
  Terence (D:3)
  Natasha (twice) (D:2)
  3 iguanas
  4 worker ants
  2 killer bee zombies
  A mummy (D:5)
  Robin (D:3)
  19 gnolls
  7 adders
  2 shadow imps (D:5)
  15 oozes (D:6)
  2 adder zombies
  3 adder skeletons
  A worm (D:5)
  2 dart slugs
  5 leopard geckos
  21 orcs
  3 ball pythons
  6 giant cockroaches
  14 goblins
  22 hobgoblins
  A jackal (D:2)
  35 kobolds
  3 quokkas
  7 bats
  6 frilled lizards
  A hobgoblin zombie (D:5)
  3 kobold zombies (D:5)
  A leopard gecko zombie (D:6)
  5 rats
279 creatures vanquished.

Vanquished Creatures (collateral kills)
  The ghost of zkobry the Chopper, a novice HOCj (D:5)
  Eustachio (D:4)
  2 ogres
  A big kobold (D:8)
  A bullfrog (D:8)
  2 gnolls (D:8)
  An orc (D:9)
  A goblin (D:8)
  2 kobolds (D:8)
12 creatures vanquished.

Vanquished Creatures (others)
  A slave (D:6)
  A gnoll (D:6)
  A shadow imp (D:6)
  A ball python (D:2)
  2 fungi (D:6)
6 creatures vanquished.

Grand Total: 297 creatures vanquished

Notes
Turn   | Place    | Note
-------+----------+-------------------------------------------
     0 | D:1      | Jannitor the Centaur Chaos Knight began the quest for the Orb.
     0 | D:1      | Reached XP level 1. HP: 19/19 MP: 1/1
   201 | D:1      | Reached XP level 2. HP: 26/26 MP: 2/2
   375 | D:1      | XOM: silly message
   381 | D:1      | Reached skill level 3 in Polearms
   462 | D:1      | XOM: harmless Erth miscast
   730 | D:1      | XOM: scenery: 5 doors close
   913 | D:2      | Reached XP level 3. HP: 31/31 MP: 3/3
  1148 | D:2      | Gained mutation: You are clumsy. (Dex -2) [potion of mutation]
  1148 | D:2      | Gained mutation: You occasionally shout uncontrollably at your foes. [potion of mutation]
  1148 | D:2      | Gained mutation: You passively map a small area around you. [potion of mutation]
  1148 | D:2      | Gained mutation: Your flesh is heat resistant. (rF+) [potion of mutation]
  1159 | D:2      | Lost mutation: Your flesh is heat resistant. (rF+) [potion of mutation]
  1159 | D:2      | Lost mutation: You occasionally shout uncontrollably at your foes. [potion of mutation]
  1159 | D:2      | Lost mutation: You are clumsy. (Dex -2) [potion of mutation]
  1159 | D:2      | Lost mutation: You passively map a small area around you. [potion of mutation]
  1159 | D:2      | Gained mutation: You are partially covered in molten scales. (AC +2) [potion of mutation]
  1159 | D:2      | Gained mutation: Your spells are a little harder to cast, but a little more powerful. [potion of mutation]
  1159 | D:2      | Gained mutation: Your spells are harder to cast, but more powerful. [potion of mutation]
  1159 | D:2      | Gained mutation: You are robust. (+10% HP) [potion of mutation]
  1545 | D:2      | Reached XP level 4. HP: 38/44 MP: 4/4
  1700 | D:2      | Noticed Natasha
  1712 | D:2      | Killed Natasha
  1900 | D:2      | XOM: give mutations
  1900 | D:2      | Gained mutation: You are partially covered in thin metallic scales. (AC +2) [Xom's grace]
  1900 | D:2      | Gained mutation: You passively map a small area around you. [Xom's grace]
  1977 | D:2      | Noticed Natasha
  1984 | D:2      | Killed Natasha
  1984 | D:2      | Reached XP level 5. HP: 45/50 MP: 5/5
  2133 | D:3      | Noticed Terence
  2143 | D:3      | Killed Terence
  2143 | D:3      | Reached skill level 4 in Polearms
  2453 | D:3      | XOM: scenery: 1 doors close
  2482 | D:3      | Noticed Robin
  2500 | D:3      | Killed Robin
  2799 | D:4      | Reached XP level 6. HP: 56/58 MP: 6/6
  2841 | D:4      | Found Raxkaogg's Magic Scroll Shoppe.
  2847 | D:4      | Bought a scroll of teleportation for 30 gold pieces
  2847 | D:4      | Bought a scroll of identify for 20 gold pieces
  2847 | D:4      | Bought a scroll of fog for 20 gold pieces
  2847 | D:4      | Bought a scroll of fog for 20 gold pieces
  2847 | D:4      | Bought a scroll of teleportation for 30 gold pieces
  2847 | D:4      | Bought a scroll of random uselessness for 10 gold pieces
  3084 | D:4      | Noticed Eustachio
  3097 | D:4      | XOM: confuse monster(s)
  3102 | D:4      | XOM: summons 2 friendly demons
  3123 | D:4      | Killed Eustachio
  3123 | D:4      | Reached skill level 5 in Fighting
  3527 | D:4      | XOM: give mutations
  3527 | D:4      | Gained mutation: You have an increased reservoir of magic. (+10% MP) [Xom's grace]
  3527 | D:4      | Gained mutation: You have a pair of small antennae on your head. [Xom's grace]
  3527 | D:4      | Gained mutation: You have supernaturally acute eyesight. (SInv) [Xom's grace]
  3527 | D:4      | Gained mutation: You can translocate small distances at will. [Xom's grace]
  3634 | D:5      | Entered Level 5 of the Dungeon
  3704 | D:5      | XOM: summons 2 hostile demons
  3874 | D:5      | XOM: polymorph scorpion -> hound
  3922 | D:5      | Noticed Menkaure
  3928 | D:5      | XOM: cast spell 'Alistair's Intoxication'
  4212 | D:5      | Noticed Blork the orc
  4226 | D:5      | Reached XP level 7. HP: 56/67 MP: 7/7
  4231 | D:5      | Killed Blork the orc
  4287 | D:5      | Noticed zkobry's ghost (novice HOCj)
  4289 | D:5      | XOM: confuse monster(s)
  4321 | D:5      | XOM: confusion (+ monsters)
  4330 | D:5      | XOM: scenery: create altars
  4344 | D:5      | XOM: summons friendly iron imp
  4351 | D:5      | Killed zkobry's ghost
  4351 | D:5      | Reached skill level 5 in Polearms
  4351 | D:5      | Reached skill level 1 in Evocations
  4369 | D:5      | XOM: divination: detect creatures
  4535 | D:5      | Killed Menkaure
  4688 | D:5      | Noticed Duvessa
  4688 | D:5      | Noticed Dowan
  4696 | D:5      | XOM: summons 2 friendly demons
  4700 | D:5      | Killed Dowan
  4700 | D:5      | Reached XP level 8. HP: 77/77 MP: 10/10
  4703 | D:5      | Killed Duvessa
  4705 | D:5      | XOM: cloud trail
  4715 | D:5      | Noticed Grinder
  4720 | D:5      | XOM: polymorph Grinder -> Grinder
  4728 | D:5      | Killed Grinder
  4728 | D:5      | Reached skill level 6 in Polearms
  5056 | D:5      | Found a stormy altar of Qazlal.
  5127 | D:5      | Found a stormy altar of Qazlal.
  5191 | D:5      | Found Osmenar's General Store.
  5197 | D:5      | Bought a potion of might for 48 gold pieces
  5239 | D:5      | XOM: summons friendly ufetubus
  5313 | D:5      | XOM: polymorph ufetubus -> shadow imp
  5507 | D:6      | XOM: confuse monster(s)
  5796 | D:6      | XOM: scenery: create altars
  5876 | D:6      | XOM: 1-stop teleportation journey
  6017 | D:6      | Noticed a slime creature
  6027 | D:6      | Killed a slime creature
  6035 | D:6      | Reached skill level 7 in Polearms
  6038 | D:6      | Reached XP level 9. HP: 55/85 MP: 12/12
  6331 | D:6      | Found a staircase to the Ecumenical Temple.
  6337 | D:6      | Noticed Pikel
  6338 | D:6      | XOM: fog
  6343 | D:6      | XOM: confuse monster(s)
  6361 | D:6      | XOM: scenery: 1 doors open, 1 doors close
  6370 | D:6      | Killed Pikel
  6370 | D:6      | Reached skill level 5 in Armour
  6530 | D:6      | XOM: scenery: 3 doors close
  6691 | D:6      | Found a shattered altar of Ashenzari.
  6807 | D:6      | Reached skill level 8 in Polearms
  6958 | D:6      | XOM: confusion
  7042 | D:6      | XOM: polymorph gnoll -> quokka
  7091 | D:6      | XOM: medium Air miscast
  7504 | D:7      | Found a white marble altar of Elyvilon.
  7650 | D:7      | You fall through a shaft for 2 floors!
  7652 | D:9      | XOM: summons friendly quasit
  7686 | D:9      | XOM: cast spell 'Cause Fear'
  7713 | D:9      | Noticed Grum
  7932 | D:9      | XOM: scenery: 2 doors open
  7944 | D:9      | XOM: summons 2 friendly demons
  7945 | D:9      | Noticed a queen bee
  7948 | D:9      | Killed a queen bee
  7948 | D:9      | Reached XP level 10. HP: 49/96 MP: 14/14
  8257 | D:9      | XOM: divination: magic mapping
  8268 | D:9      | XOM: scenery: 1 doors open
  8270 | D:9      | Killed Grum
  8272 | D:9      | Reached skill level 5 in Evocations
  8276 | D:9      | Noticed a dagger
  8609 | D:9      | Noticed a hand axe
  8610 | D:9      | Found a hide-covered altar of Uskayaw.
  8682 | D:9      | XOM: 3-stop teleportation journey
  8692 | D:9      | XOM: 2-stop teleportation journey
  8992 | D:8      | XOM: 5-stop teleportation journey
  8994 | D:8      | Reached skill level 9 in Polearms
  9029 | D:8      | Lost mutation: You are robust. (+10% HP) [mutagenic meat]
  9048 | D:8      | XOM: chaos upgrade
  9087 | D:8      | Found a flagged portal.
  9142 | D:8      | XOM: 1-stop teleportation journey
  9174 | D:8      | XOM: give mutations
  9174 | D:8      | Lost mutation: You have an increased reservoir of magic. (+10% MP) [Xom's mischief]
  9174 | D:8      | Gained mutation: Your body sometimes deteriorates upon taking damage. [Xom's mischief]
  9174 | D:8      | Gained mutation: You are frail. (-10% HP) [Xom's mischief]
  9205 | Bailey   | Entered a bailey
  9450 | Bailey   | XOM: butterfly on damage
  9716 | Bailey   | Noticed an orc knight
  9716 | Bailey   | XOM: smoke on damage
  9719 | Bailey   | Identified a scroll of acquirement
  9913 | Bailey   | Killed an orc knight
 10082 | Bailey   | XOM: summons 2 hostile shadow creatures
 10208 | Bailey   | XOM: 1-stop teleportation journey
 10232 | Bailey   | XOM: summons 2 hostile demons
 10350 | D:7      | XOM: god gift: shiny plate armour {god gift}
 10456 | D:7      | Found a sparkling altar of Nemelex Xobeh.
 10701 | D:8      | XOM: potion effect (invisibility)
 10716 | D:8      | XOM: smoke on damage
 11184 | D:8      | Found a deep blue altar of Sif Muna.
 11304 | D:8      | Noticed Psyche
 11307 | D:8      | XOM: summons 3 friendly demons
 11314 | D:8      | Killed Psyche
 11341 | D:8      | XOM: potion effect (might)
 11487 | D:8      | Reached skill level 10 in Polearms
 11992 | D:9      | XOM: enchant monster (good)
 12004 | D:9      | Noticed a skeletal warrior
 12004 | D:9      | Noticed a skeletal warrior
 12005 | D:9      | Noticed a death knight
 12057 | D:9      | XOM is BORED!
 12057 | D:9      | XOM: noise
 12066 | D:9      | XOM: enchant monster (good)
 12069 | D:9      | Slain by a wyvern

Skill      XL: |  1  2  3  4  5  6  7  8  9 10 |
---------------+-------------------------------+-----
Polearms       | 3 4 5 7 8 10 | 10.0
Armour         | 2 3 4 5 6 |  6.2
Fighting       | 4 5 6 7 8 |  8.9
Evocations     | 1 3 4 5 |  5.9
Dodging        | |  0.6

Action                   |  1- 3 |  4- 6 |  7- 9 | 10-12 || total
-------------------------+-------+-------+-------+-------++-------
Melee: Spear             |   141 |   213 |     8 |       ||   362
       Kick              |     8 |    33 |    54 |    49 ||   144
       Unarmed           |       |     9 |       |       ||     9
       Glaive            |       |       |   318 |    87 ||   405
       Halberd           |       |       |       |   223 ||   223
Evoke: Wand              |       |       |     1 |     4 ||     5
  Use: Potion            |     4 |       |     6 |     1 ||    11
       Scroll            |       |     2 |    12 |     3 ||    17
 Stab: Petrifying        |     1 |       |       |       ||     1
       Confused          |     1 |     2 |     1 |       ||     4
       Paralysed         |       |       |     3 |     8 ||    11
       Invisible         |       |       |     1 |       ||     1
  Eat: Chunk             |     1 |     4 |     8 |    13 ||    26
       Bread ration      |       |     1 |       |     1 ||     2
Armor: Leather armour    |    15 |       |       |       ||    15
       Chain mail        |    51 |    99 |   201 |   181 ||   532
Dodge: Dodged            |    36 |    26 |   107 |    79 ||   248
